 Dungeon Crawl Stone Soup version 0.27-a0-1308-gc08437e49b (webtiles) character file.

Game seed: 15818407699375090943

16 mordus the Chopper (level 2, 0/26 HPs)
             Began as a Draconian Monk on June 18, 2021.
             Succumbed to an adder's poison
             ... on level 2 of the Dungeon.
             The game lasted 00:00:34 (880 turns).

mordus the Chopper (Draconian Monk)                  Turns: 880, Time: 00:00:34

Health: 0/26       AC:  4    Str: 13    XL:     2   Next: 37%
Magic:  2/2        EV: 12    Int: 10    God:
Gold:   35         SH:  0    Dex: 13    Spells: 1/1 levels left

rFire    . . .     SeeInvis .   a - +0 hand axe
rCold    . . .     Faith    .   (no shield)
rNeg     . . .     Spirit   .   (armour unavailable)
rPois    .         Reflect  .   (helmet restricted)
rElec    .         Harm     .   (no cloak)
rCorr    .         Rampage  .   (no gloves)
Will     .....                  (no boots)
Stlth    ++........             (no amulet)
HPRegen  0.08/turn              (no ring)
MPRegen  0.08/turn              (no ring)

@: lethally poisoned (0 -> -2)
A: AC +4, unfitting armour, cold-blooded
a: no special abilities


You were on level 2 of the Dungeon.
You visited 1 branch of the dungeon, and saw 2 of its levels.

You collected 35 gold pieces.

Inventory:

Hand Weapons
 a - a +0 hand axe (weapon)
Scrolls
 c - 4 scrolls of teleportation {unknown}
Potions
 b - a potion of curing {unknown}
 d - a potion of magic {unknown}


   Skills:
 - Level 3.2 Fighting
 * Level 3.5 Axes
 + Level 3.0 Dodging
 - Level 1.7 Stealth


You had one spell level left.
You didn't know any spells.
Your spell library was empty.

Dungeon Overview and Level Annotations

Branches:
Dungeon (2/15)

Altars:


Innate Abilities, Weirdness & Mutations

Your plain brown scales are hard. (AC +4)
You cannot fit into any form of body armour.
You are cold-blooded and may be slowed by cold attacks.


Message History

The adder bites you.
An adder is nearby!
You closely miss the adder.
The adder is heavily wounded.
The adder bites you.
You are poisoned.
The adder poisons you! The adder bites you.
An adder is nearby!
You barely miss the adder.
Your tail-slap misses the adder.
The adder is heavily wounded.
You feel sick. The adder bites you.
You are too injured to fight recklessly!
An adder is nearby!
You are too injured to fight recklessly!
You barely miss the adder.
The adder is heavily wounded.
You feel sick. The adder bites you. The adder closely misses you.
You hit the adder but do no damage.
The adder is moderately wounded.
You feel sick. The adder closely misses you.
You miss the adder.
The adder is moderately wounded.
You feel sick. The adder barely misses you.
The adder bites you but does no damage.
You barely miss the adder.
The adder is moderately wounded.
You feel sick.
You are no longer poisoned.
The adder bites you.
* * * LOW HITPOINT WARNING * * *
You are poisoned.
The adder poisons you!
You hit the adder.
The adder is severely wounded.
* * * LOW HITPOINT WARNING * * *
You feel sick. The adder bites you.
* * * LOW HITPOINT WARNING * * *
You miss the adder.
The adder is severely wounded.
You die...

#
####.###.#
#.@S..?...
#.##.#####
#.# # #.#
#.#
#####.#
#.....#
#.#####
#.#


You could see an adder.

Vanquished Creatures
  2 bats (D:1)
  A hobgoblin (D:1)
  4 jackals (D:1)
  6 ball pythons
  A frilled lizard (D:1)
  A kobold (D:1)
  A rat (D:1)
16 creatures vanquished.

Notes
Turn   | Place    | Note
-------+----------+-------------------------------------------
     0 | D:1      | mordus the Draconian Monk began the quest for the Orb.
     0 | D:1      | Reached XP level 1. HP: 19/19 MP: 1/1
   279 | D:1      | Reached XP level 2. HP: 26/26 MP: 2/2
   380 | D:1      | Found a faded altar of an unknown god.
   879 | D:2      | HP: 1/26 [adder (3)]
   880 | D:2      | Succumbed to an adder's poison

Illustrated notes

Levels and vault maps discovered:
D:1:      minmay_arrival_up_and_down, layout_loops_cross,
          hellmonk_ecumenical_altar_run_dry
D:2:      wad_lake_hut, layout_loops_ring, uniq_jessica

Skill      XL: |  1  2 |
---------------+-------+-----
Dodging        | 3 |  3.0
Fighting       | |  3.2
Axes           | |  3.5
Stealth        | |  1.7

Action                   || total
-------------------------++-------
Melee: Hand axe          ||    46
       Tailslap          ||     7
 Stab: Sleeping          ||     3
Armor: Skin              ||    15
Dodge: Dodged            ||    32

Table legend: (Time is in decaauts)
 A = Elapsed time spent in this place.
 B = Non-inter-level travel time spent in this place.
 C = Inter-level travel time spent in this place.
 D = Time resting spent in this place.
 E = Time spent auto-exploring this place.
 F = Levels seen in this place.
 G = Mean time per level.
                   A        B        C        D        E       F      G
               +--------+--------+--------+--------+--------+-----+--------+
         Total |    885 |    867 |     18 |      0 |    767 |   2 |  442.5 |
       Dungeon |    885 |    867 |     18 |      0 |    767 |   2 |  442.5 |
               +--------+--------+--------+--------+--------+-----+--------+

Top non-repeatable levels by time:
     D:1: 803 daAuts
     D:2: 82 daAuts
